 Dungeon Crawl Stone Soup version 0.31.0-1-g2c135a008e (webtiles) character file.

Game seed: 4488606860294739875

3674 qw the Skirmisher (level 10, -10/65 (75) HPs)
             Began as a Djinni Hunter on Jan 23, 2024.
             Was a Believer of Okawaru.
             Killed from afar by a laughing skull (15 damage)
             ... with a bolt of negative energy
             ... in a Gauntlet.
             The game lasted 00:00:45 (8912 turns).

qw the Skirmisher (Djinni Hunter)                   Turns: 8912, Time: 00:00:46

HP:   -10/65 (75)   AC: 13    Str:  7    XL:     10   Next: 34%
Gold: 146           EV: 12    Int: 10    God:    Okawaru [**....] SH:  0 Dex: 22

rFire   + + .        k - +1 orcbow (drain)
rCold   x . .        (shield currently unavailable)
rNeg    + . .        d - +0 ring mail
rPois   inf          f - +0 helmet
rElec   .            h - +2 ratskin cloak {*Rats rPois rN+ Str-1 Int-1 Dex+1}
rCorr   .            m - +2 pair of gloves
SInv    .            (boots unavailable)
Will    +....        (no amulet)
Stlth   +            (no ring)
HPRegen 0.30/turn    (no ring)
MPRegen 0.00/turn

%: no teleportation, infuse magic (-11 HP)
@: flying, heavily drained
A: sickness immunity, fire resistance 2, cold vulnerability 1, float, innate
caster, HP casting, extra vitality 1, weak 1
a: Renounce Religion, Heroism


You were in a Gauntlet.
You worshipped Okawaru.
Okawaru was pleased with you.
You visited 3 branches of the dungeon, and saw 10 of its levels.
You also visited: Gauntlet.

You collected 562 gold pieces.
You spent 416 gold pieces at shops.


Innate Abilities, Weirdness & Mutations

You are immune to sickness and miasma.
You are immune to poison.
Your flesh is very heat resistant. (rF++)
You are vulnerable to cold. (rC-)
You float through the air rather than walking.
You learn spells naturally, not from books.
Your magical power is your life essence.
You have superior vitality. (+4 MHP)
You are weak. (Str -2)


   Skills:
 - Level 7.1 Fighting
 - Level 9.1 Ranged Weapons
 - Level 3.5 Armour
 + Level 5.2 Dodging
 - Level 0.7 Stealth
 - Level 4.3 Invocations


You knew the following spells:

 Your Spells              Type           Power      Damage    Failure   Level
a - Freeze                Ice            0%         1d3       77%         1
b - Jinxbite              Hex            0%         N/A       88%         2
c - Searing Ray           Conj           0%         2d4       88%         2
d - Volatile Blastmotes   Fire/Tloc      0%         2d10      98%         3
Your spell library was empty.

Inventory:

Hand Weapons
 k - a +1 orcbow of draining (weapon)
Armour
 d - a +0 ring mail (worn)
 f - a +0 helmet (worn)
 h - the +2 ratskin cloak (worn) {*Rats rPois rN+ Str-1 Int-1 Dex+1}
   (You found it on level 3 of the Dungeon)

   *Rats:     When the wearer is hurt, rats may emerge from it to assist them.
   Str-1:     It affects your strength (-1).
   Int-1:     It affects your intelligence (-1).
   Dex+1:     It affects your dexterity (+1).
   rPois:     It protects you from poison rN+: It protects you from negative
   energy.
 m - a +2 pair of gloves (worn)
Wands
 a - a wand of digging (8)
 o - a wand of mindburst (5)
Scrolls
 c - a scroll of teleportation
 q - 5 scrolls of identify
Potions
 b - 2 potions of resistance
 e - 2 potions of cancellation
 g - 5 potions of curing
 i - a potion of haste
 j - 2 potions of might
 p - a potion of enlightenment

Dungeon Overview and Level Annotations

Branches:
Dungeon (8/15)             Temple (1/1) D:7            Lair (1/5) D:8
Gauntlet (1/1)

Altars:
Ashenzari
Cheibriados
Dithmenos
Elyvilon
Fedhas
Gozag
Hepliaklqana
Makhleb
Nemelex Xobeh
Okawaru
Qazlal
Ru
Trog
Uskayaw
Wu Jian
Xom
Yredelemnul
Zin
The Shining One

Shops:
D:2 ?   D:4 =   D:6 ??[

Annotations:
Gauntlet 11 transporters


Message History

The laughing skull misses you.
The laughing skull gibbers with scorn.
The bolt of negative energy hits you! You partially resist.
You feel drained.
The laughing skull lets out a vicious peal of laugher.
The bolt of negative energy hits the laughing skull.
The laughing skull completely resists.
The bolt of negative energy misses you.
The weeping skull's misery overflows.
The wave of grief passes through you. You partially resist.
You shoot an arrow.
The arrow hits the weeping skull but does no damage.
The weeping skull is severely damaged.
The laughing skull barely misses you. The weeping skull barely misses you.
The laughing skull misses you.
You shoot an arrow. The arrow hits the weeping skull!
You destroy the weeping skull!
Okawaru accepts your kill. The laughing skull headbutts you.
The laughing skull closely misses you.
You shoot an arrow.
The arrow closely misses the laughing skull.
The laughing skull lets out a vicious peal of laugher.
The bolt of negative energy hits you! You partially resist.
You feel drained. The laughing skull headbutts you.
You shoot an arrow. The arrow misses the laughing skull.
The laughing skull gibbers with scorn.
The bolt of negative energy hits the laughing skull.
The laughing skull completely resists.
The bolt of negative energy hits you. You partially resist.
You feel drained.
The laughing skull gibbers with scorn.
The bolt of negative energy misses you.
You shoot an arrow.
The arrow barely misses the laughing skull.
The laughing skull misses you.
The laughing skull cackles spitefully.
The bolt of negative energy misses you.
You shoot an arrow. The arrow misses the laughing skull.
The laughing skull lets out a vicious peal of laugher.
The bolt of negative energy misses the laughing skull.
The bolt of negative energy hits you! You partially resist.
You feel drained.
You die...
The laughing skull crumbles to pieces from sheer joy.

##......#.^.#........#...#.
##.8...#.8.#...8....#.^.#.
#¤.....#.^.#.....#########
##...#########...#J..!^/[.
#~...#.|(^=..#...#..P...PP
##...#.###...#...#..#P.P#P
#¤...#.###...#...#.P.....P
##.8.#.###zz.#.8.#....^...
#¤...#...@##.#...#.P......
##...#.#..##.#...#..#P.P#.
#~...#.......#...#.....PP.
##...#########...#J.......
#~.......^.......#########
##.8.....8.....8......^...
#¤.................\¤.8..\
##~#~#~#~#¤#~#~#....¤..¤.¤
################~#~#¤#¤#¤


You could see 2 laughing skulls.

Vanquished Creatures
  Joseph (D:7)
  2 cane toads (Lair:1)
  A komodo dragon (D:8)
  2 wyverns (D:8)
  A water moccasin (Lair:1)
  An orc warrior (D:8)
  A sky beast (D:7)
  2 ogres (D:5)
  2 centaurs (D:8)
  2 phantoms (D:5)
  Blork the orc (D:4)
  A weeping skull (Gauntlet)
  A bullfrog (Lair:1)
  A scorpion (D:5)
  A gnoll sergeant (D:8)
  4 killer bees (D:7)
  A howler monkey (D:5)
  A jelly (D:6)
  2 hounds
  A gnoll bouda (D:7)
  2 orc priests
  2 iguanas
  2 sleepcaps
  2 orc wizards
  15 adders
  10 gnolls
  2 shadow imps (D:7)
  3 white imps
  8 ufetubi
  5 ribbon worms
  2 dart slugs
  21 orcs
  9 ball pythons
  5 bats
  6 endoplasms
  4 giant cockroaches
  4 hobgoblins
  2 jackals (D:3)
  8 kobolds
  4 quokkas
  4 frilled lizards
  7 goblins
  2 rats (D:2)
158 creatures vanquished.

Vanquished Creatures (collateral kills)
  An ice beast (D:6)
  An iguana (D:5)
  2 gnolls (D:4)
  An orc (D:4)
5 creatures vanquished.

Grand Total: 163 creatures vanquished

Notes
Turn   | Place    | Note
-------+----------+-------------------------------------------
     0 | D:1      | qw the Djinni Hunter began the quest for the Orb.
     0 | D:1      | Reached XP level 1. HP: 18/18 MP: 0/0
     0 | D:1      | 0 ||| qw: Version: 0.3-a-132-g3d54051
     0 | D:1      | 0 ||| qw: Game counter: 627
     0 | D:1      | 0 ||| qw: Melee chars always use a shield: true
     0 | D:1      | 0 ||| qw: God list: Okawaru
     0 | D:1      | 0 ||| qw: Allow faded altars: false
     0 | D:1      | 0 ||| qw: Do Orc after clearing Dungeon:15 true
     0 | D:1      | 0 ||| qw: Do second Lair branch before Depths: true
     0 | D:1      | 0 ||| qw: Lair rune preference: random
     0 | D:1      | 0 ||| qw: Goals: Normal
     0 | D:1      | 0 ||| PLANNING D:1-11
   206 | D:1      | Reached XP level 2. HP: 23/23 MP: 0/0
   411 | D:1      | Reached XP level 3. HP: 28/28 MP: 0/0
   411 | D:1      | Learned a level 1 spell: Freeze
   601 | D:1      | 601 ||| READING scroll labelled KELENE RIUV.
   602 | D:1      | 602 ||| READING scroll labelled LUCEWAOCIT.
   602 | D:1      | 602 ||| IDENTIFYING inky potion
   603 | D:1      | 603 ||| READING scroll labelled PISOZE ESO.
   604 | D:1      | 604 ||| READING scroll labelled VUR HUILERREU.
   656 | D:1      | 656 ||| READING scroll labelled VAUTTA YMPUDIO.
   657 | D:1      | 657 ||| READING scroll labelled ROULLU FUNOBBY.
   758 | D:1      | 758 ||| DROPPING scroll of butterflies.
   795 | D:2      | Reached skill level 4 in Ranged Weapons
   864 | D:2      | 864 ||| FLEEEEING.
  1057 | D:2      | 1057 ||| FLEEEEING.
  1192 | D:2      | Reached skill level 3 in Fighting
  1192 | D:2      | Reached XP level 4. HP: 35/35 MP: 0/0
  1319 | D:2      | Found a faded altar of an unknown god.
  1353 | D:2      | Found Borgh's Magic Scroll Shoppe.
  1361 | D:2      | 1361 ||| BUYING scroll of identify (20 gold).
  1361 | D:2      | Bought a scroll of identify for 20 gold pieces
  1361 | D:2      | 1361 ||| BUYING scroll of identify (20 gold).
  1361 | D:2      | Bought a scroll of identify for 20 gold pieces
  1669 | D:2      | 1669 ||| UPGRADING to +0 ring mail.
  1679 | D:2      | 1679 ||| DROPPING +0 leather armour.
  1680 | D:2      | 1680 ||| READING 4 scrolls of identify.
  1680 | D:2      | 1680 ||| IDENTIFYING fuming grey potion
  1681 | D:2      | 1681 ||| DRINKING potion of mutation.
  1681 | D:2      | Gained mutation: You are clumsy. (Dex -2) [potion of
                  | mutation]
  1681 | D:2      | Gained mutation: Your spells are a little harder to cast,
                  | but a little more powerful. [potion of mutation]
  1682 | D:2      | 1682 ||| READING 3 scrolls of identify.
  1682 | D:2      | 1682 ||| IDENTIFYING purple potion
  1683 | D:2      | 1683 ||| READING 2 scrolls of identify.
  1683 | D:2      | 1683 ||| IDENTIFYING glowing red potion
  1684 | D:2      | 1684 ||| READING scroll of identify.
  1684 | D:2      | 1684 ||| IDENTIFYING sapphire potion
  1685 | D:2      | 1685 ||| READING scroll labelled KIDGHI HYMYUCEKK.
  1686 | D:2      | 1686 ||| READING scroll labelled KUGULI SIEBRYL.
  1793 | D:3      | Reached skill level 1 in Armour
  1826 | D:3      | Found an opulent altar of Gozag.
  1917 | D:3      | 1917 ||| FLEEEEING.
  2012 | D:3      | Reached XP level 5. HP: 25/40 MP: 0/0
  2012 | D:3      | Learned a level 2 spell: Jinxbite
  2135 | D:3      | Found the +2 ratskin cloak {*Rats rPois rN+ Str-1 Int-1
                  | Dex+1}
  2338 | D:3      | 2338 ||| FLEEEEING.
  2393 | D:3      | 2393 ||| UPGRADING to +2 ratskin cloak {*Rats rPois rN+
                  | Str-1 Int-1 Dex+1}.
  2398 | D:3      | 2398 ||| READING scroll of identify.
  2398 | D:3      | 2398 ||| IDENTIFYING murky golden potion
  2399 | D:3      | 2399 ||| READING 2 scrolls labelled RUXKUI YLESSAD.
  2402 | D:3      | 2402 ||| READING scroll labelled VYCZAMOINE.
  2402 | D:3      | 2402 ||| ENCHANTING +0 shortbow.
  2403 | D:3      | 2403 ||| DRINKING 2 clear potions.
  2451 | D:3      | 2451 ||| DROPPING potion of lignification.
  2492 | D:4      | Found a glowing golden altar of the Shining One.
  2497 | D:4      | Found a snail-covered altar of Cheibriados.
  2564 | D:4      | 2564 ||| DRINKING potion of mutation.
  2564 | D:4      | Lost mutation: Your spells are a little harder to cast, but
                  | a little more powerful. [potion of mutation]
  2564 | D:4      | Lost mutation: You are clumsy. (Dex -2) [potion of
                  | mutation]
  2564 | D:4      | Gained mutation: You are weak. (Str -2) [potion of
                  | mutation]
  2677 | D:4      | Reached skill level 5 in Ranged Weapons
  2677 | D:4      | Reached XP level 6. HP: 40/46 MP: 0/0
  2913 | D:4      | HP: 9/46 [gnoll/+0 flail (7)]
  2914 | D:4      | 2914 ||| READING scroll of teleportation.
  2914 | D:4      | HP: 4/46 [gnoll/+0 flail (5)]
  2915 | D:4      | 2915 ||| DRINKING 2 potions of heal wounds.
  2918 | D:4      | 2918 ||| FLEEEEING.
  3143 | D:4      | Found Bics's Jewellery Shop.
  3146 | D:4      | 3146 ||| SHOPLISTING +5 ring of evasion (468 gold, have
                  | 248).
  3146 | D:4      | 3146 ||| SHOPLISTING amulet of regeneration (390 gold, have
                  | 248).
  3146 | D:4      | 3146 ||| SHOPLISTING ring of resist corrosion (260 gold,
                  | have 248).
  3275 | D:4      | Noticed Blork the orc
  3282 | D:4      | Killed Blork the orc
  3364 | D:4      | 3364 ||| UPGRADING to +0 pair of gloves.
  3404 | D:5      | Entered Level 5 of the Dungeon
  3422 | D:5      | Reached skill level 3 in Dodging
  3425 | D:5      | 3425 ||| FLEEEEING.
  3431 | D:5      | 3431 ||| STAIRDANCE
  3487 | D:5      | 3487 ||| STAIRDANCE
  3705 | D:5      | Found a blossoming altar of Fedhas.
  3736 | D:5      | Reached XP level 7. HP: 40/52 MP: 0/0
  3736 | D:5      | Learned a level 2 spell: Searing Ray
  3748 | D:5      | 3748 ||| FLEEEEING.
  3804 | D:5      | 3804 ||| FLEEEEING.
  3874 | D:5      | 3874 ||| FLEEEEING.
  3990 | D:5      | Found a hazy altar of Hepliaklqana.
  4270 | D:5      | Reached skill level 6 in Ranged Weapons
  4270 | D:5      | Reached XP level 8. HP: 44/58 MP: 0/0
  4270 | D:5      | 4270 ||| FLEEEEING.
  4446 | D:5      | 4446 ||| FLEEEEING.
  4743 | D:5      | 4743 ||| READING scroll labelled OMIMIT YHAEFE.
  4744 | D:5      | 4744 ||| DRINKING 2 dark potions.
  4745 | D:5      | 4745 ||| DROPPING potion of invisibility.
  4880 | D:6      | Reached skill level 7 in Ranged Weapons
  5143 | D:6      | Found a glowing silver altar of Zin.
  5254 | D:6      | Found Paomam's Magic Scroll Shoppe.
  5263 | D:6      | 5263 ||| BUYING scroll of enchant armour (97 gold).
  5263 | D:6      | Bought a scroll of enchant armour for 97 gold pieces
  5263 | D:6      | 5263 ||| BUYING scroll of identify (26 gold).
  5263 | D:6      | Bought a scroll of identify for 26 gold pieces
  5263 | D:6      | 5263 ||| BUYING scroll of identify (26 gold).
  5263 | D:6      | Bought a scroll of identify for 26 gold pieces
  5263 | D:6      | 5263 ||| BUYING scroll of identify (26 gold).
  5263 | D:6      | Bought a scroll of identify for 26 gold pieces
  5263 | D:6      | 5263 ||| BUYING scroll of identify (26 gold).
  5263 | D:6      | Bought a scroll of identify for 26 gold pieces
  5263 | D:6      | 5263 ||| READING scroll of enchant armour.
  5263 | D:6      | 5263 ||| ENCHANTING +0 pair of gloves.
  5268 | D:6      | Found Zyuridy's Magic Scroll Boutique.
  5276 | D:6      | 5276 ||| BUYING scroll of enchant armour (97 gold).
  5276 | D:6      | Bought a scroll of enchant armour for 97 gold pieces
  5276 | D:6      | 5276 ||| BUYING scroll of identify (26 gold).
  5276 | D:6      | Bought a scroll of identify for 26 gold pieces
  5276 | D:6      | 5276 ||| BUYING scroll of identify (26 gold).
  5276 | D:6      | Bought a scroll of identify for 26 gold pieces
  5276 | D:6      | 5276 ||| BUYING scroll of identify (26 gold).
  5276 | D:6      | Bought a scroll of identify for 26 gold pieces
  5276 | D:6      | 5276 ||| READING scroll of enchant armour.
  5276 | D:6      | 5276 ||| ENCHANTING +1 pair of gloves.
  5295 | D:6      | Found Evoseot's Antique Armour Boutique.
  5299 | D:6      | 5299 ||| SHOPLISTING helmet (153 gold, have 20).
  5299 | D:6      | 5299 ||| SHOPLISTING runed ring mail (238 gold, have 20).
  5411 | D:6      | Found a hide-covered altar of Uskayaw.
  5487 | D:6      | 5487 ||| READING 9 scrolls of identify.
  5487 | D:6      | 5487 ||| IDENTIFYING blue potion
  5488 | D:6      | 5488 ||| READING 8 scrolls of identify.
  5488 | D:6      | 5488 ||| IDENTIFYING orange potion
  5489 | D:6      | 5489 ||| READING 7 scrolls of identify.
  5489 | D:6      | 5489 ||| IDENTIFYING amethyst potion
  5490 | D:6      | 5490 ||| READING 6 scrolls of identify.
  5490 | D:6      | 5490 ||| IDENTIFYING black potion
  5491 | D:6      | 5491 ||| DROPPING potion of magic.
  5492 | D:6      | 5492 ||| DROPPING potion of degeneration.
  5493 | D:6      | 5493 ||| DROPPING potion of brilliance.
  5902 | D:7      | 5902 ||| FLEEEEING.
  5906 | D:7      | 5906 ||| FLEEEEING.
  5907 | D:7      | 5907 ||| FLEEEEING.
  5908 | D:7      | 5908 ||| FLEEEEING.
  5909 | D:7      | 5909 ||| FLEEEEING.
  6219 | D:7      | 6219 ||| RETREEEEATING.
  6234 | D:7      | Reached XP level 9. HP: 37/65 MP: 0/0
  6234 | D:7      | Learned a level 3 spell: Volatile Blastmotes
  6235 | D:7      | 6235 ||| FLEEEEING.
  6369 | D:7      | Found a staircase to the Ecumenical Temple.
  6370 | D:7      | 6370 ||| PLANNING TEMPLE
  6370 | D:7      | 6370 ||| DROPPING wand of flame (12).
  6376 | D:7      | 6376 ||| READING 6 scrolls of identify.
  6376 | D:7      | 6376 ||| IDENTIFYING 2 fizzy yellow potions
  6394 | D:7      | 6394 ||| FLEEEEING.
  6400 | D:7      | 6400 ||| STAIRDANCE
  6460 | Temple   | Entered the Ecumenical Temple
  6461 | Temple   | 6461 ||| PLANNING OKAWARU WORSHIP
  6480 | Temple   | Became a worshipper of Warmaster Okawaru
  6481 | Temple   | 6481 ||| PLANNING D:1-11
  6798 | D:7      | 6798 ||| FLEEEEING.
  6809 | D:7      | Reached skill level 8 in Ranged Weapons
  6987 | D:7      | Noticed Joseph
  6988 | D:7      | 6988 ||| DRINKING 4 potions of haste.
  6989 | D:7      | 6989 ||| FLEEEEING.
  7024 | D:7      | HP: 11/65 [Joseph/+0 quarterstaff (6)]
  7025 | D:7      | 7025 ||| READING 3 scrolls of teleportation.
  7026 | D:7      | 7026 ||| DRINKING 2 potions of heal wounds.
  7031 | D:7      | 7031 ||| FLEEEEING.
  7037 | D:7      | HP: 6/65 [Joseph/sling bullet (12)]
  7038 | D:7      | 7038 ||| READING 2 scrolls of teleportation.
  7039 | D:7      | 7039 ||| DRINKING potion of heal wounds.
  7041 | D:7      | Killed Joseph
  7042 | D:7      | Reached skill level 6 in Fighting
  7043 | D:7      | 7043 ||| FLEEEEING.
  7269 | D:7      | 7269 ||| UPGRADING to +0 helmet.
  7410 | D:8      | Reached skill level 3 in Armour
  7410 | D:8      | 7410 ||| FLEEEEING.
  7562 | D:8      | Found a sacrificial altar of Ru.
  7634 | D:8      | 7634 ||| RETREEEEATING.
  7637 | D:8      | 7637 ||| RETREEEEATING.
  7638 | D:8      | 7638 ||| RETREEEEATING.
  7639 | D:8      | 7639 ||| RETREEEEATING.
  7640 | D:8      | 7640 ||| RETREEEEATING.
  7641 | D:8      | 7641 ||| RETREEEEATING.
  7643 | D:8      | 7643 ||| RETREEEEATING.
  7674 | D:8      | 7674 ||| FLEEEEING.
  7906 | D:8      | 7906 ||| FLEEEEING.
  7916 | D:8      | 7916 ||| STAIRDANCE
  7948 | D:7      | 7948 ||| READING 5 scrolls of identify.
  7948 | D:7      | 7948 ||| IDENTIFYING scroll labelled ZEHAACLIPSU
  7949 | D:7      | 7949 ||| DROPPING scroll of immolation.
  7974 | D:8      | HP: 14/67 [orc warrior/+3 halberd (11)]
  7975 | D:8      | 7975 ||| READING 2 scrolls of teleportation.
  7976 | D:8      | 7976 ||| DRINKING potion of heal wounds.
  7978 | D:8      | 7978 ||| FLEEEEING.
  8089 | D:8      | Found a staircase to the Lair.
  8092 | D:8      | Noticed a komodo dragon
  8093 | D:8      | 8093 ||| DRINKING 4 potions of haste.
  8111 | D:8      | Killed a komodo dragon
  8111 | D:8      | Reached * piety under Okawaru
  8121 | D:8      | 8121 ||| FLEEEEING.
  8279 | D:8      | 8279 ||| SWAPPING to +1 orcbow of draining.
  8280 | D:8      | 8280 ||| DROPPING +0 shortbow.
  8301 | D:8      | Reached skill level 1 in Invocations
  8334 | D:8      | Reached XP level 10. HP: 69/73 MP: 0/0
  8476 | D:8      | 8476 ||| PLANNING LAIR
  8505 | Lair:1   | Entered Level 1 of the Lair of Beasts
  8505 | Lair:1   | Noticed a cane toad
  8506 | Lair:1   | 8506 ||| PLANNING GAUNTLET
  8506 | Lair:1   | 8506 ||| DRINKING 3 potions of haste.
  8516 | Lair:1   | Killed a cane toad
  8516 | Lair:1   | Reached ** piety under Okawaru
  8517 | Lair:1   | Reached skill level 9 in Ranged Weapons
  8517 | Lair:1   | Reached skill level 3 in Invocations
  8597 | Lair:1   | Noticed a cane toad
  8598 | Lair:1   | 8598 ||| DRINKING 2 potions of haste.
  8601 | Lair:1   | Killed a cane toad
  8686 | Lair:1   | Found a gate leading to a gauntlet.
  8695 | Gauntlet | Entered a Gauntlet
  8695 | Gauntlet | Found a transporter.
  8704 | Gauntlet | Found a transporter.
  8707 | Gauntlet | Noticed a reaper
  8722 | Gauntlet | Found a transporter.
  8725 | Gauntlet | Found a transporter.
  8746 | Gauntlet | Found a transporter.
  8759 | Gauntlet | Found a transporter.
  8760 | Gauntlet | Noticed a ghost crab
  8772 | Gauntlet | Found a transporter.
  8799 | Gauntlet | Found a transporter.
  8799 | Gauntlet | Found a transporter.
  8805 | Gauntlet | Found a transporter.
  8823 | Gauntlet | Noticed a quicksilver ooze
  8836 | Gauntlet | Found a transporter.
  8836 | Gauntlet | Found a transporter.
  8858 | Gauntlet | Noticed a fire crab
  8906 | Gauntlet | HP: 15/68 [laughing skull/bolt of negative energy (7)]
  8909 | Gauntlet | HP: 7/68 [laughing skull (1)]
  8912 | Gauntlet | Killed from afar by a laughing skull

Levels and vault maps discovered:
D:1:      dpeg_arrival_line_fractal, layout_loops_ring, kennysheep_boxes
D:2:      layout_basic, serial_shops, shop, basic_altar,
          shapermc_ecumenical_altar_petra, kennysheep_generic_room_7
D:3:      layout_rooms, grunt_gozag_breadcrumbs, minmay_snake_closets
D:4:      layout_loops_ring, mainiacjoe_overflow_large_starburst, serial_shops,
          nicolae_shop_behind_doors, st_stairs_8, minmay_goblin_outpost,
          uniq_blork_the_orc
D:5:      layout_basic, mainiacjoe_overflow_catch_the_wave, st_stairs_3,
          water_maze_lemuel
D:6:      layout_loops_ring, zin_academy, kennysheep_mini, serial_shops,
          nicolae_shop_peninsula, shop, nicolae_shop_back_alley_shop
D:7:      layout_basic, minmay_temple_entry_wispy, uniq_joseph
D:8:      layout_gridville, nicolae_ru_awakened_eye, david_lair_shrubbed
Temple:   dshaligram_water_room_temple
Lair:1:   layout_small_grid, gauntlet_entry_generic
Gauntlet: minmay_gauntlet_mixed_oops_all_seconds
          [minmay_gauntlet_arena_77_block_sizes,
          gammafunk_gauntlet_arena_hedges,
          minmay_gauntlet_arena_77_chump_sandwich,
          nicolae_gauntlet_arena_grate_2,
          minmay_gauntlet_arena_77_terracotta_army,
          nicolae_gauntlet_arena_blocks, nicolae_gauntlet_exit_dead_adventurers]

Skill      XL: |  1  2  3  4  5  6  7  8  9 10 |
---------------+-------------------------------+-----
Ranged Weapons | 4 5 6 7 8 9 |  9.1
Fighting       | 3 4 5 6 7 |  7.1
Armour         | 1 2 3 |  3.5
Dodging        | 3 4 5 |  5.2
Invocations    | 2 4 |  4.3
Stealth        | |  0.7

Action                     |  1- 3 |  4- 6 |  7- 9 | 10-12 || total
---------------------------+-------+-------+-------+-------++-------
   Fire: Shortbow          |    88 |   230 |   424 |       ||   742
         Orcbow            |       |       |    23 |    35 ||    58
    Use: Scroll            |     6 |    10 |    12 |       ||    28
         Potion            |       |     4 |     6 |     2 ||    12
 Armour: Leather armour    |     9 |    11 |       |       ||    20
         Ring mail         |       |   156 |   273 |    16 ||   445
  Dodge: Dodged            |    15 |   137 |   217 |    18 ||   387

Table legend:
 A = Non-vault XP
 B = Vault XP
 C = Vault XP percentage of total XP
 D = Non-vault monster count
 E = Vault monster count
 F = Vault count percentage of total count
                 A         B        C        D         E       F
            +---------+---------+-------+---------+---------+-------
      Total |    3779 |    1470 |  28.0 |     137 |      26 |  16.0
            +---------+---------+-------+---------+---------+-------
        D:1 |      29 |       0 |   0.0 |      16 |       0 |   0.0
        D:2 |      66 |       4 |   5.7 |      20 |       2 |   9.1
        D:3 |      58 |      85 |  59.4 |      16 |      10 |  38.5
        D:4 |     108 |     113 |  51.1 |      14 |       7 |  33.3
        D:5 |     730 |     132 |  15.3 |      19 |       3 |  13.6
        D:6 |     342 |       0 |   0.0 |      11 |       0 |   0.0
        D:7 |     615 |     455 |  42.5 |      19 |       1 |   5.0
        D:8 |     728 |     582 |  44.4 |      18 |       2 |  10.0
     Lair:1 |    1103 |       0 |   0.0 |       4 |       0 |   0.0
   Gauntlet |       0 |      99 | 100.0 |       0 |       1 | 100.0
            +---------+---------+-------+---------+---------+-------
